 Dungeon Crawl Stone Soup version 0.29-a0-422-gafbd6decc1 (webtiles) character file.

Game seed: 7233584445429354101

50 bladeefan the Skirmisher (level 3, 0/29 HPs)
             Began as a Demonspawn Fighter on May 18, 2022.
             Slain by an orc priest
             ... wielding a +0 hand axe
              (6 damage)
             ... on level 2 of the Dungeon.
             The game lasted 00:02:09 (1733 turns).

bladeefan the Skirmisher (Demonspawn Fighter)       Turns: 1733, Time: 00:02:10

Health: 0/29       AC:  6    Str: 18    XL:     3   Next: 55%
Magic:  3/3        EV:  9    Int:  9    God:
Gold:   85         SH:  4    Dex: 12    Spells: 2/2 levels left

rFire   . . .      SeeInvis .   a - +0 flail
rCold   . . .      Faith    .   c - +0 buckler
rNeg    . . .      Spirit   .   b - +0 scale mail
rPois   .          Reflect  .   (helmet restricted)
rElec   .          Harm     .   (no cloak)
rCorr   .          Rampage  .   (no gloves)
Will    .....                   (no boots)
Stlth   ..........              (no amulet)
HPRegen 0.09/turn               e - ring of flight
MPRegen 0.08/turn               (no ring)

@: mighty, flying, studying Dodging
A: antennae 1
a: no special abilities


You were on level 2 of the Dungeon.
You visited 1 branch of the dungeon, and saw 3 of its levels.

You collected 85 gold pieces.

Inventory:

Hand Weapons
 a - a +0 flail (weapon)
Armour
 b - a +0 scale mail (worn)
 c - a +0 buckler (worn)
Jewellery
 e - a ring of flight (left hand)
   (You found it on level 1 of the Dungeon)
Scrolls
 f - a scroll of teleportation {unknown}
 g - a scroll of torment {!r}
 h - a scroll of magic mapping
 i - a scroll of amnesia
 j - a scroll of fear {unknown}
 m - a scroll of enchant armour {unknown}
Potions
 k - a potion of degeneration {unknown}
 l - a potion of curing {unknown}


   Skills:
 + Level 3.3 Fighting
 * Level 2.6 Maces & Flails
 + Level 3.0 Armour
 + Level 3.0 Shields


You had 2 spell levels left.
You didn't know any spells.
Your spell library contained the following spells:

 Spells                   Type           Power      Damage    Failure   Level
 Fulminant Prism          Conj/Hex       0%         3d6       100%        4
 Iskenderun's Mystic Bla  Conj/Tloc      0%         2d3       100%        4
 Fireball                 Conj/Fire      0%         3d3       100%        5
 Lee's Rapid Deconstruct  Erth           0%         3d5*      100%        5
 Starburst                Conj/Fire      0%         6d3       100%        6
 Ignition                 Fire           0%         3d3       100%        8


Dungeon Overview and Level Annotations

Branches:
Dungeon (3/15)

Altars:


Innate Abilities, Weirdness & Mutations

You have a pair of small antennae on your head.


Message History

Key pressed, stopping explore.
Found a robe and a scroll labelled CURISAENEM.
Found an escape hatch in the ceiling.
Found two stone staircases leading down.
m - a scroll labelled CURISAENEM
There is a stone staircase leading down here.
Key pressed, stopping explore.
You see here a +0 short sword.
You see here a +0 short sword.
Done exploring.
Done exploring.
(D) Dungeon
Where to? (Enter - D:2, ? - help)
There is a stone staircase leading down here.
You fly downwards.
The ball python hisses angrily.
The orc shouts! x3; You hear a shout!
There is a stone staircase leading up here.
There are monsters nearby!
The orc priest hits you with a +0 hand axe.
You fly upwards.
There is a stone staircase leading down here.
You hit the orc priest. The orc priest barely misses you.
You barely miss the orc priest.
The orc priest calls down the wrath of Beogh upon you.
You barely resist.
You hit the orc priest but do no damage.
You block the orc priest's attack.
You barely miss the orc priest.
The orc priest hits you with a +0 hand axe.
The orc priest completely misses you.
You sock the orc priest!
The orc priest invokes the aid of Beogh against you.
Beogh smites you!
* * * LOW HITPOINT WARNING * * *
You hit the orc priest but do no damage.
The orc priest hits you with a +0 hand axe.
* * * LOW HITPOINT WARNING * * *
You closely miss the orc priest.
The orc priest hits you but does no damage.
You block the orc priest's attack.
You hit the orc priest.
The orc priest hits you with a +0 hand axe.
* * * LOW HITPOINT WARNING * * *
You hit the orc priest but do no damage.
You block the orc priest's attack.
The orc priest miscasts a cantrip.
Okay, then.
You feel very mighty all of a sudden.
The orc priest hits you with a +0 hand axe.
You die...

#.# ####################.##
#.....................##
##.###########.......... #.##
####.....## #..# ##......
##.## #......
#..#############.###.#
#....@........##..##.#
##.#o########........#
#...######......##..#
#########...#.....###.......
#..................#...###).
###.########.#####.....####...
#...# #..# #.#.##......# #.###
##.# #.#.(..####.# #.#
#.####............


You could see an orc priest.

Vanquished Creatures
  An adder (D:2)
  4 ball pythons (D:1)
  An endoplasm (D:2)
  2 giant cockroaches
  4 goblins
  5 hobgoblins
  4 jackals (D:1)
  4 quokkas
  2 bats (D:1)
  A frilled lizard (D:2)
  7 kobolds
  A rat (D:2)
36 creatures vanquished.

Notes
Turn   | Place    | Note
-------+----------+-------------------------------------------
     0 | D:1      | bladeefan the Demonspawn Fighter began the quest for the
                  | Orb.
     0 | D:1      | Reached XP level 1. HP: 18/18 MP: 1/1
   274 | D:1      | Gained mutation: You have a pair of small antennae on your
                  | head. [demonic ancestry]
   274 | D:1      | Reached XP level 2. HP: 22/24 MP: 2/2
   748 | D:1      | Found a faded altar of an unknown god.
  1051 | D:2      | Reached XP level 3. HP: 28/29 MP: 3/3
  1733 | D:2      | Slain by an orc priest

Illustrated notes

Levels and vault maps discovered:
D:1:      eino_arrival_cavern_d, layout_loops_cross,
          shapermc_ecumenical_altar_mp_highgroup
D:2:      layout_rooms
D:3:      layout_basic, serial_co_window_serial, co_window_paths_a,
          co_window_paths_b, co_window_paths_a, co_window_of_opportunity_a,
          co_window_paths_b, co_window_corner_a, co_window_corner_b,
          co_window_of_opportunity_c, co_window_of_opportunity_b,
          co_window_corner_b, co_window_corner_b, co_window_sun,
          co_window_4corner_b, glass_columns_a, glass_columns_c,
          dilly_guarded_unrand_morg

Skill      XL: |  1  2 |
---------------+-------+-----
Maces & Flails | 2 |  2.6
Armour         | 3 |  3.0
Shields        | 3 |  3.0
Fighting       | |  3.3

Action                   || total
-------------------------++-------
Melee: Flail             ||   117
  Use: Scroll            ||     3
       Potion            ||     1
Armor: Scale mail        ||    60
Dodge: Dodged            ||    56
Block: Buckler           ||    30

Table legend: (Time is in decaauts)
 A = Elapsed time spent in this place.
 B = Non-inter-level travel time spent in this place.
 C = Inter-level travel time spent in this place.
 D = Time resting spent in this place.
 E = Time spent auto-exploring this place.
 F = Levels seen in this place.
 G = Mean time per level.
                   A        B        C        D        E       F      G
               +--------+--------+--------+--------+--------+-----+--------+
         Total |   1771 |   1740 |     31 |      0 |   1426 |   3 |  590.3 |
       Dungeon |   1771 |   1740 |     31 |      0 |   1426 |   3 |  590.3 |
               +--------+--------+--------+--------+--------+-----+--------+

Top non-repeatable levels by time:
     D:1: 987 daAuts
     D:2: 782 daAuts
     D:3: 1 daAuts
